 Dungeon Crawl Stone Soup version 0.21.1-1-g345015fe64 (webtiles) character file.

966 Ablot the Charmwright (level 8, 0/63 HPs)
             Began as a Gnoll Skald on July 25, 2018.
             Was an Initiate of Elyvilon.
             Slain by a slave (6 damage)
             ... led by Pikel
             ... on level 5 of the Dungeon.
             The game lasted 00:18:52 (4868 turns).

Ablot the Charmwright (Gnoll Skald)                 Turns: 4868, Time: 00:18:52

Health: 0/63       AC:  5    Str: 15    XL:     8   Next: 15%
Magic:  14/16      EV: 15    Int: 16    God:    Elyvilon [......]
Gold:   0          SH:  0    Dex: 15    Spells: 7/18 levels left

rFire    . . .     SeeInvis .   M - +0 long sword
rCold    . . .     Gourm    .   (no shield)
rNeg     . . .     Faith    .   b - +0 leather armour
rPois    +         Spirit   .   h - +0 helmet
rElec    .         Reflect  .   O - +0 cloak
rCorr    .         Harm     +   (no gloves)
MR       +....                  (no boots)
Stlth    ++........             i - amulet of harm
HPRegen  0.20/turn              Q - ring of protection from magic
MPRegen  0.15/turn              D - ring of poison resistance

@: infused
A: distributed training, fangs 1, strong nose
a: Renounce Religion


You were on level 5 of the Dungeon.
You worshipped Elyvilon.
Elyvilon was noncommittal.
You were not hungry.

You visited 2 branches of the dungeon, and saw 6 of its levels.
You also visited: Sewer.

You collected 331 gold pieces.
You spent 331 gold pieces at shops.

Inventory:

Hand Weapons
 q - a +1 hunting sling of velocity
 t - a +1 dagger of holy wrath
 M - a +0 long sword (weapon)
Missiles
 n - 36 sling bullets
 p - 83 arrows
 x - a throwing net
 z - 11 poisoned needles
 F - 10 tomahawks (quivered)
Armour
 b - a +0 leather armour (worn)
 h - a +0 helmet (worn)
 O - a +0 cloak (worn)
Jewellery
 i - an amulet of harm (around neck)
 y - an uncursed ring of magical power
 D - a ring of poison resistance (right hand)
 H - an uncursed ring of wizardry
 Q - a ring of protection from magic (left hand)
Wands
 P - a wand of digging (1)
Scrolls
 a - a scroll of silence {unknown}
 e - 4 scrolls of teleportation
 f - 3 scrolls of remove curse
 g - 3 scrolls of enchant weapon {unknown}
 k - 2 scrolls of identify {unknown}
 l - 3 scrolls of amnesia
 o - 2 scrolls of blinking {unknown}
 s - a scroll of enchant armour {unknown}
 w - a scroll of immolation
 G - a scroll of fear {unknown}
 L - a scroll of magic mapping
Potions
 j - 4 potions of heal wounds
 m - 2 potions of agility {unknown}
 r - 3 potions of haste {unknown}
 u - a potion of invisibility {unknown}
 v - a potion of berserk rage {unknown}
 A - 2 potions of flight {unknown}
 C - 3 potions of might
 E - a potion of mutation {unknown}
 J - a potion of lignification
 K - a potion of curing
 N - a potion of resistance
Books
 c - a book of Battle

   Spells                             Type                      Level
   a - Infusion                       Charms                       1
   b - Shroud of Golubria             Charms/Translocation         2
   c - Song of Slaying                Charms                       2
   d - Spectral Weapon                Hexes/Charms                 3
   e - Regeneration                   Charms/Necromancy            3
Comestibles
 d - 10 rations


   Skills:
 + Level 5.5 Fighting
 + Level 2.9 Short Blades
 + Level 5.5 Long Blades
 + Level 2.9 Axes
 + Level 2.9 Maces & Flails
 + Level 2.9 Polearms
 + Level 2.9 Staves
 + Level 2.9 Slings
 + Level 2.9 Bows
 + Level 2.9 Crossbows
 + Level 2.9 Throwing
 + Level 4.0 Armour
 + Level 5.5 Dodging
 + Level 2.9 Stealth
 + Level 2.9 Shields
 + Level 2.9 Unarmed Combat
 + Level 5.8 Spellcasting
 + Level 2.3 Conjurations
 + Level 2.3 Hexes
 + Level 6.0 Charms
 + Level 2.3 Summonings
 + Level 2.3 Necromancy
 + Level 2.3 Translocations
 + Level 2.3 Transmutations
 + Level 2.3 Fire Magic
 + Level 2.3 Ice Magic
 + Level 2.3 Air Magic
 + Level 2.3 Earth Magic
 + Level 2.3 Poison Magic
 + Level 3.2 Invocations
 + Level 2.9 Evocations


You had 7 spell levels left.
You knew the following spells:

 Your Spells              Type           Power        Failure   Level  Hunger
a - Infusion              Chrm           ###.         1%          1    None
b - Song of Slaying       Chrm           ###.....     2%          2    #......
c - Shroud of Golubria    Chrm/Tloc      ###.......   4%          2    #......
d - Regeneration          Chrm/Necr      ###.......   9%          3    ##.....
e - Spectral Weapon       Hex/Chrm       ###.....     9%          3    ##.....


Dungeon Overview and Level Annotations

Branches:
Dungeon (5/15)             Temple (1/1) D:5

Altars:
Ashenzari
Dithmenos
Elyvilon
Fedhas
Gozag
Hepliaklqana
Kikubaaqudgha
Nemelex Xobeh
Okawaru
Qazlal
Ru
Sif Muna
Trog
Uskayaw
Wu Jian
Xom
Yredelemnul
Zin
The Shining One

Shops:
D:4 *:!

Annotations:
D:4 motoroller71's ghost, novice GnGl
D:5 Pikel


Innate Abilities, Weirdness & Mutations

Your experience applies equally to all skills.
You have very sharp teeth.
Your uncanny sense of smell can sniff out nearby items.


Message History

Pikel cracks his whip.
Pikel closely misses you. The slave hits you.
Your shroud falls apart!
You closely miss Pikel. The slave closely misses you. The slave hits you!
Pikel hits you with a whip of freezing. Pikel freezes you.
The slave completely misses you.
You riposte.
You closely miss the slave. The slave misses you.
You riposte.
You miss the slave. You hit Pikel but do no damage. The slave hits you.
Pikel hits you with a whip of freezing. Pikel freezes you. The slave hits you!
* * * LOW HITPOINT WARNING * * *
The slave hits you.
* * * LOW HITPOINT WARNING * * *
The slave closely misses you.
You riposte.
You completely miss the slave.
An ice beast comes into view.
There is a stone staircase leading down here.
You can't go up here!
The slave hits you!
* * * LOW HITPOINT WARNING * * *
The slave hits you.
You die...

∆#...## #>........,,,∆,,,,,*,,,,,
,#.#.# ##...#####*,,,..,*******,
,#<#.# ##%### *,,...** **
,.,#.#**#....# *,...,,**** *
!#,#.##...##.#######.###,,,,* *
.*,......#*#........!..b,,***
,*,......* #.>p.........,,**
,*,..p..[###.pKp........,,,******
,**.p..<.......p@.......,,,,,,,,,
***......####...........,,,******
***,,..,,* #......Y....,,,*
**,,,,,,,* #...........,,,*
**,,,,,,* ##......>...,,**
******** ##?........,**
##########**


You could see Pikel, an ice beast and 4 slaves.

Vanquished Creatures
  A sky beast (D:4)
  A phantom (D:3)
  2 centaurs
  A bullfrog (Sewer)
  Crazy Yiuf (D:4)
  2 hounds (D:4)
  An orc priest (D:3)
  An iguana (D:4)
  2 orc wizards
  Ijyb (D:5)
  2 worker ants (D:4)
  3 gnolls (D:3)
  8 adders
  10 oozes (Sewer)
  2 dart slugs
  12 leopard geckos
  5 orcs
  18 ball pythons
  17 giant cockroaches
  15 goblins
  6 hobgoblins
  9 jackals
  6 bats
  15 frilled lizards
  A jackal skeleton (D:4)
  2 kobolds
  4 rats
148 creatures vanquished.

Notes
Turn   | Place    | Note
-------+----------+-------------------------------------------
     0 | D:1      | Ablot the Gnoll Skald began the quest for the Orb.
     0 | D:1      | Reached XP level 1. HP: 20/20 MP: 6/6
    89 | D:1      | Reached XP level 2. HP: 10/26 MP: 0/7
    93 | D:1      | Learned a level 2 spell: Song of Slaying
    96 | D:1      | Learned a level 2 spell: Shroud of Golubria
   715 | D:1      | Reached XP level 3. HP: 29/31 MP: 9/9
   934 | D:2      | Reached skill level 5 in Spellcasting
   960 | D:2      | Found a shattered altar of Ashenzari.
   963 | D:2      | Reached skill level 1 in Invocations
  1073 | D:2      | Found a hazy altar of Hepliaklqana.
  1074 | D:2      | Found a shimmering altar of Xom.
  1075 | D:2      | Noticed a spectral ugly thing
  1138 | D:2      | Learned a level 3 spell: Regeneration
  1142 | D:2      | Learned a level 3 spell: Spectral Weapon
  1161 | D:2      | Reached skill level 1 in Short Blades
  1161 | D:2      | Reached skill level 1 in Axes
  1161 | D:2      | Reached skill level 1 in Maces & Flails
  1161 | D:2      | Reached skill level 1 in Polearms
  1161 | D:2      | Reached skill level 1 in Staves
  1161 | D:2      | Reached skill level 1 in Slings
  1161 | D:2      | Reached skill level 1 in Bows
  1161 | D:2      | Reached skill level 1 in Crossbows
  1161 | D:2      | Reached skill level 1 in Throwing
  1161 | D:2      | Reached skill level 1 in Stealth
  1161 | D:2      | Reached skill level 1 in Shields
  1161 | D:2      | Reached skill level 1 in Unarmed Combat
  1161 | D:2      | Reached skill level 1 in Evocations
  1169 | D:2      | Reached XP level 4. HP: 37/38 MP: 0/11
  1697 | D:3      | Noticed a phantom
  1734 | D:3      | Killed a phantom
  1734 | D:3      | Reached skill level 1 in Conjurations
  1734 | D:3      | Reached skill level 1 in Hexes
  1734 | D:3      | Reached skill level 1 in Summonings
  1734 | D:3      | Reached skill level 1 in Necromancy
  1734 | D:3      | Reached skill level 1 in Translocations
  1734 | D:3      | Reached skill level 1 in Transmutations
  1734 | D:3      | Reached skill level 1 in Fire Magic
  1734 | D:3      | Reached skill level 1 in Ice Magic
  1734 | D:3      | Reached skill level 1 in Air Magic
  1734 | D:3      | Reached skill level 1 in Earth Magic
  1734 | D:3      | Reached skill level 1 in Poison Magic
  1734 | D:3      | Reached XP level 5. HP: 25/43 MP: 1/12
  1948 | D:3      | Noticed a centaur
  1966 | D:3      | Killed a centaur
  1966 | D:3      | Reached XP level 6. HP: 6/50 MP: 11/14
  2621 | D:3      | Reached skill level 5 in Fighting
  2621 | D:3      | Reached skill level 5 in Long Blades
  2621 | D:3      | Reached skill level 5 in Dodging
  2971 | D:4      | Noticed motoroller71's ghost (novice GnGl)
  3271 | D:4      | Found Woelon's Book Shoppe.
  3309 | D:4      | Found Faopn's Distillery.
  3317 | D:4      | Bought a potion of heal wounds for 65 gold pieces
  3317 | D:4      | Bought a potion of lignification for 39 gold pieces
  3317 | D:4      | Bought a potion of degeneration for 13 gold pieces
  3317 | D:4      | Bought a potion of might for 52 gold pieces
  3317 | D:4      | Bought a potion of curing for 39 gold pieces
  3368 | D:4      | Reached XP level 7. HP: 29/56 MP: 15/15
  3433 | D:4      | Found a runed door.
  3457 | D:4      | Found a glowing drain.
  3466 | Sewer    | Entered a sewer
  4405 | D:4      | Found Owenoeri's Assorted Antiques.
  4413 | D:4      | Bought a scroll labeled WUNIMI SYIPSY for 21 gold pieces
  4413 | D:4      | Bought a scroll labeled KIET JYTIUDY for 21 gold pieces
  4413 | D:4      | Bought a scroll labeled ELOC LYSHREMOPING for 21 gold pieces
  4413 | D:4      | Bought a sedimented red potion for 18 gold pieces
  4413 | D:4      | Bought a scroll labeled ASOUFUBI ROJOE for 21 gold pieces
  4413 | D:4      | Bought a scroll labeled KUTODILEMO for 21 gold pieces
  4522 | D:4      | Noticed Crazy Yiuf
  4529 | D:4      | Killed Crazy Yiuf
  4559 | D:5      | Entered Level 5 of the Dungeon
  4562 | D:5      | Noticed Ijyb
  4576 | D:4      | Reached XP level 8. HP: 63/63 MP: 12/16
  4589 | D:5      | Killed Ijyb
  4589 | D:5      | Reached skill level 6 in Charms
  4660 | D:5      | Found a staircase to the Ecumenical Temple.
  4661 | D:5      | Noticed Pikel
  4667 | Temple   | Entered the Ecumenical Temple
  4826 | Temple   | Became a worshipper of Elyvilon the Healer
  4868 | D:5      | Slain by a slave

Skill      XL: |  1  2  3  4  5  6  7  8 |
---------------+-------------------------+-----
Spellcasting   | 5 |  5.8
Invocations    | 1 2 3 |  3.2
Short Blades   | 1 2 |  2.9
Axes           | 1 2 |  2.9
Maces & Flails | 1 2 |  2.9
Polearms       | 1 2 |  2.9
Staves         | 1 2 |  2.9
Slings         | 1 2 |  2.9
Bows           | 1 2 |  2.9
Crossbows      | 1 2 |  2.9
Throwing       | 1 2 |  2.9
Stealth        | 1 2 |  2.9
Shields        | 1 2 |  2.9
Unarmed Combat | 1 2 |  2.9
Evocations     | 1 2 |  2.9
Armour         | 3 4 |  4.0
Conjurations   | 1 2 |  2.3
Hexes          | 1 2 |  2.3
Summonings     | 1 2 |  2.3
Necromancy     | 1 2 |  2.3
Translocations | 1 2 |  2.3
Transmutations | 1 2 |  2.3
Fire Magic     | 1 2 |  2.3
Ice Magic      | 1 2 |  2.3
Air Magic      | 1 2 |  2.3
Earth Magic    | 1 2 |  2.3
Poison Magic   | 1 2 |  2.3
Fighting       | 5 |  5.5
Long Blades    | 5 |  5.5
Dodging        | 5 |  5.5
Charms         | 6 |  6.0

Action                   |  1- 3 |  4- 6 |  7- 9 || total
-------------------------+-------+-------+-------++-------
Melee: Falchion          |    99 |   110 |   162 ||   371
       Bite              |    12 |    14 |    23 ||    49
       Punch             |       |     1 |     2 ||     3
       Long sword        |       |       |    48 ||    48
 Cast: Infusion          |     2 |     3 |     3 ||     8
       Song of Slaying   |     3 |     4 |     8 ||    15
       Shroud of Golubri |     2 |     6 |    12 ||    20
       Regeneration      |       |     2 |     4 ||     6
  Use: Potion            |       |       |     1 ||     1
       Scroll            |       |       |     5 ||     5
 Stab: Sleeping          |     2 |       |     2 ||     4
       Distracted        |     1 |       |     1 ||     2
  Eat: Chunk             |     1 |     7 |     7 ||    15
Armor: Leather armour    |    32 |    21 |    65 ||   118
Dodge: Dodged            |    97 |   112 |   279 ||   488
       Rpst.: Falchion   |    25 |    32 |    62 ||   119
       Long sword        |       |       |    18 ||    18
